 Dungeon Crawl Stone Soup version 0.18-b1-22-ge198996 (webtiles) character file.

19847 Locuples the Severer (level 12, -9/108 HPs)
             Began as a Minotaur Fighter on May 4, 2016.
             Was an Elder of the Shining One.
             Shot with an arrow by a centaur warrior (11 damage)
             ... on level 13 of the Dungeon.
             The game lasted 00:40:42 (11423 turns).

Locuples the Severer (Minotaur Fighter)            Turns: 11423, Time: 00:40:43

Health: -9/108     AC: 18    Str: 32    XL:     12   Next: 40%
Magic:  11/11      EV: 12    Int:  5    God:    the Shining One [****..]
Gold:   562        SH: 13    Dex: 11    Spells: 0 memorised, 11 levels left

rFire  . . .     SeeInvis .     a - +0 war axe
rCold  + . .     Gourm    .     w - +0 plate armour
rNeg   + + .     Faith    .     c - +0 shield
rPois  .         Spirit   .     (helmet restricted)
rElec  +         Dismiss  .     r - +0 cloak
rCorr  .         Reflect  .     (no gloves)
SustAt .         Harm     .     H - +0 pair of boots
MR     +....                    (no amulet)
Stlth  ..........               (no ring)
                                p - +5 ring of evasion

@: mighty, exhausted, slowed, glowing, very slow, somewhat resistant to hostile
enchantments, extremely unstealthy
A: retaliatory headbutt, horns 2, cold resistance 1, magic resistance 1,
screaming 1, electricity resistance, strong 1, MP-powered wands
a: Divine Shield, Cleansing Flame, Renounce Religion


You were on level 13 of the Dungeon.
You worshipped the Shining One.
The Shining One was greatly pleased with you.
You were not hungry.

You visited 2 branches of the dungeon, and saw 14 of its levels.
You also visited: Ossuary.

You collected 800 gold pieces.
You spent 238 gold pieces at shops.

Inventory:

Hand Weapons
 a - a +0 war axe (weapon)
Armour
 c - a +0 shield (worn)
 r - a +0 cloak (worn)
 v - the +0 chain mail "Lunuj" {rPois Regen+ Int-5 Dex+5}
   (You found it on level 4 of the Dungeon)

   It affects your intelligence (-5).
   It affects your dexterity (+5).
   It protects you from poison.
   It increases your rate of regeneration.
 w - a +0 plate armour (worn)
 H - a +0 pair of boots (worn)
Jewellery
 p - a +5 ring of evasion (left hand)
Wands
 q - a wand of lightning (5/15)
 B - a wand of enslavement (16/24)
 E - a wand of lightning (6/15)
 F - a wand of confusion (29/48)
 N - a wand of paralysis (19/24)
 O - a wand of lightning (10/15)
 P - a wand of confusion (29/48)
 Q - a wand of lightning (8/15)
 S - a wand of lightning (13/15)
Scrolls
 b - 3 scrolls of identify
 d - 2 scrolls of magic mapping {unknown}
 e - 2 scrolls of fog
 i - 3 scrolls of enchant armour
 j - 4 scrolls of recharging {unknown}
 l - 2 scrolls of teleportation
 m - a scroll of enchant weapon
 o - 6 scrolls of fear
 t - a scroll of blinking
 y - 4 scrolls of remove curse
 G - a scroll of vulnerability {unknown}
 I - 2 scrolls of noise {unknown}
 K - a scroll of amnesia
 L - a scroll of brand weapon {unknown}
Potions
 k - a potion of degeneration {unknown}
 u - a potion of curing
 z - 5 potions of brilliance
 A - a potion of cure mutation
 D - 3 potions of haste {unknown}
 J - 2 potions of ambrosia
 M - a potion of might
Books
 x - a book of Transfigurations

   Spells                             Type                      Level
   a - Irradiate                      Conjuration/Transmutation    5
   b - Statue Form                    Transmutation/Earth          6
   c - Hydra Form                     Transmutation                6
   d - Dragon Form                    Transmutation                7
Comestibles
 f - 10 bread rations
 g - 2 royal jellies
 h - 9 meat rations
 s - 10 fruits
 C - 8 beef jerkies
 R - 2 chunks of flesh


   Skills:
 + Level 10.8 Fighting
 + Level 15.8 Axes
 + Level 11.2 Armour
 + Level 11.5 Shields


You had 11 spell levels left.
You didn't know any spells.

Dungeon Overview and Level Annotations

Branches:
Dungeon (13/15)            Temple (1/1) D:5            Lair (0/8) D:11
    Orc (0/2) D:12
 Vaults: D:13-14

Altars:
Ashenzari
Cheibriados
Dithmenos
Elyvilon
Fedhas
Gozag
Kikubaaqudgha
Makhleb
Nemelex Xobeh
Okawaru
Pakellas
Qazlal
Ru
Sif Muna
Trog
Vehumet
Xom
Yredelemnul
Zin
The Shining One

Shops:
D:7 :   D:11 !

Portals:
Trove: D:12 (give +6 demon blade)


Innate Abilities, Weirdness & Mutations

You reflexively headbutt those who attack you in melee.
You have a pair of horns on your head.
Your flesh is cold resistant.
You are resistant to hostile enchantments.
You occasionally shout uncontrollably at your foes.
You are resistant to electric shocks.
Your muscles are strong. (Str +2)
You expend magic power (3 MP) to strengthen your wands.


Message History

* * * LOW HITPOINT WARNING * * *
You feel sick.
* * * LOW HITPOINT WARNING * * *
You feel very sick.
The centaur warrior shoots an arrow.
The arrow hits you.
* * * LOW HITPOINT WARNING * * *
The centaur warrior shoots an arrow.
The arrow barely misses you.
You see here 2 arrows.
Drink which item? (? for menu, Esc to quit)
You feel better.
The centaur warrior shoots an arrow.
The arrow hits you.
* * * LOW HITPOINT WARNING * * *
The centaur warrior shoots an arrow.
The arrow hits you!
* * * LOW HITPOINT WARNING * * *
The centaur warrior shoots an arrow.
You block the arrow.
The centaur warrior shoots an arrow.
The arrow hits you!
* * * LOW HITPOINT WARNING * * *
You see here an arrow.
The centaur warrior shoots an arrow.
You block the arrow.
The centaur warrior shoots an arrow.
The arrow hits you!
You die...

#.### #.#.# #. #
#.# #D#.# . #
###.#########.#.#.#
#
#...........c.#.#.#
#
#.............(...#
#
#............(#.###
# #.............#(#
###
#.............(.##
#..
#..............@.#
#..
#.............$(.#
#..
#................#
###
####............#
#............#
#####........#
#........#
#........#


You could see a centaur warrior.

Vanquished Creatures
  Rupert (D:13)
  Frances (D:12)
  A centaur warrior (D:13)
  The ghost of Silphendio the Covert, a novice KoAs of Dithmenos (D:8)
  An unseen horror (D:12)
  3 hill giants
  An ugly thing (D:12)
  A cyclops (D:7)
  2 centaur skeletons
  A gargoyle (D:12)
  A kobold demonologist (D:9)
  5 trolls
  Prince Ribbit (D:6)
  2 wraiths
  A shadow (D:11)
  Sigmund (D:2)
  5 yaks
  A steam dragon (D:11)
  Grum (D:10)
  2 hippogriffs
  2 wyverns
  4 vampire mosquitoes (D:11)
  2 soldier ants (D:11)
  7 orc warriors
  4 sky beasts
  2 ice beasts
  A necrophage (D:11)
  5 ogres
  An eye of draining (D:12)
  A phantom (D:4)
  4 wolves (D:10)
  6 centaurs
  2 crocodiles (D:11)
  7 big kobolds (D:6)
  3 elf zombies (Ossuary)
  A wyvern zombie (D:5)
  5 giant frogs
  A gnoll sergeant (D:8)
  A wyvern skeleton (D:13)
  3 scorpions
  A water moccasin skeleton (D:6)
  3 killer bees (D:10)
  4 wights
  5 electric eels (D:6)
  7 centaur zombies
  8 howler monkeys
  2 quasits
  3 giant frog zombies
  4 hounds
  3 human zombies (Ossuary)
  A giant frog skeleton (D:11)
  6 orc priests
  A gnoll shaman (D:8)
  9 orc wizards
  7 iguanas
  9 worker ants
  A hound zombie (D:5)
  3 hound skeletons
  3 mummies (Ossuary)
  A howler monkey zombie (D:7)
  15 gnolls
  A howler monkey skeleton (D:10)
  13 adders
  2 river rats (D:6)
  3 shadow imps
  2 oozes (D:2)
  2 worms
  2 dart slugs
  7 giant geckos
  49 orcs
  3 ball pythons
  8 bats
  8 giant cockroaches
  5 goblins
  13 hobgoblins
  7 jackals
  6 quokkas
  7 giant newts
  A jackal zombie (D:5)
  44 kobolds
  A quokka zombie (D:6)
  13 rats
  4 toadstools (D:1)
392 creatures vanquished.

Vanquished Creatures (others)
  A quokka (D:6)
  A kobold (D:6)
2 creatures vanquished.

Grand Total: 394 creatures vanquished

Notes
Turn   | Place    | Note
--------------------------------------------------------------
     0 | D:1      | Locuples the Minotaur Fighter began the quest for the Orb.
     0 | D:1      | Reached XP level 1. HP: 19/19 MP: 0/0
   140 | D:1      | Reached skill level 3 in Axes
   200 | D:1      | Reached XP level 2. HP: 23/26 MP: 1/1
   506 | D:1      | Reached skill level 4 in Axes
   636 | D:1      | Reached XP level 3. HP: 31/31 MP: 2/2
   920 | D:2      | Reached skill level 5 in Axes
   993 | D:2      | Reached XP level 4. HP: 37/39 MP: 3/3
  1169 | D:2      | Noticed Sigmund
  1177 | D:2      | Killed Sigmund
  1177 | D:2      | Reached skill level 7 in Axes
  1177 | D:2      | Reached XP level 5. HP: 14/45 MP: 4/4
  1647 | D:3      | Found an opulent altar of Gozag.
  1737 | D:3      | Reached XP level 6. HP: 23/51 MP: 5/5
  1821 | D:3      | Found an ancient bone altar of Kikubaaqudgha.
  1903 | D:3      | Reached skill level 8 in Axes
  2101 | D:3      | You fall through a shaft!
  2287 | D:4      | Found a stormy altar of Qazlal.
  2287 | D:4      | Found a shadowy altar of Dithmenos.
  2708 | D:4      | Reached skill level 9 in Axes
  2708 | D:4      | Reached XP level 7. HP: 55/57 MP: 6/6
  2713 | D:4      | Got a jewelled chain mail
  2724 | D:4      | Identified the cursed +0 chain mail "Lunuj" {rPois Regen+ Int-5 Dex+5} (You found it on level 4 of the Dungeon)
  2724 | D:4      | Lost intelligence.
  3342 | D:5      | Entered Level 5 of the Dungeon
  3385 | D:5      | Found a sand-covered staircase.
  3391 | Ossuary  | Entered an ossuary
  3423 | Ossuary  | Reached skill level 10 in Axes
  3513 | Ossuary  | Reached skill level 5 in Armour
  3522 | Ossuary  | Reached XP level 8. HP: 44/67 MP: 7/7
  3659 | D:5      | Found a staircase to the Ecumenical Temple.
  3684 | Temple   | Entered the Ecumenical Temple
  3692 | Temple   | Became a worshipper of the Shining One
  3805 | D:5      | Reached skill level 5 in Fighting
  3829 | D:5      | Gained mutation: You are resistant to hostile enchantments. [mutagenic meat]
  3830 | D:5      | Gained mutation: You are resistant to electric shocks. [mutagenic meat]
  3831 | D:5      | Gained mutation: You occasionally shout uncontrollably at your foes. [mutagenic meat]
  3832 | D:5      | Gained mutation: You expend magic power (3 MP) to strengthen your wands. [mutagenic meat]
  3833 | D:5      | Gained mutation: You have a pair of large horns on your head. [mutagenic meat]
  3834 | D:5      | Lost mutation: You have a pair of large horns on your head. [mutagenic meat]
  4091 | D:5      | Reached skill level 5 in Shields
  4341 | D:6      | Reached skill level 11 in Axes
  4589 | D:6      | Noticed Prince Ribbit
  4625 | D:6      | Reached XP level 9. HP: 51/75 MP: 8/8
  5036 | D:6      | Found a shattered altar of Ashenzari.
  5603 | D:6      | Killed Prince Ribbit
  5634 | D:6      | Reached * piety under the Shining One
  5679 | D:6      | Reached skill level 12 in Axes
  6032 | D:7      | Found Fiol's Book Emporium.
  6049 | D:7      | Noticed a cyclops
  6058 | D:7      | Killed a cyclops
  6525 | D:7      | Reached XP level 10. HP: 86/86 MP: 9/9
  6719 | D:8      | Noticed Silphendio's ghost (novice KoAs)
  6735 | D:8      | Killed Silphendio's ghost
  6735 | D:8      | Reached skill level 13 in Axes
  6773 | D:8      | Got an encrusted long sword
  6805 | D:8      | Reached ** piety under the Shining One
  7903 | D:9      | Found a deep blue altar of Sif Muna.
  8129 | D:10     | Entered Level 10 of the Dungeon
  8218 | D:10     | Noticed Grum
  8229 | D:10     | Killed Grum
  8236 | D:10     | Reached skill level 14 in Axes
  8236 | D:10     | Reached XP level 11. HP: 74/95 MP: 10/10
  8243 | D:10     | Found an oddly glowing altar of Pakellas.
  8288 | D:10     | Reached *** piety under the Shining One
  8919 | D:11     | Noticed a hill giant
  8931 | D:11     | Killed a hill giant
  9098 | D:11     | Reached skill level 10 in Shields
  9198 | D:11     | Reached **** piety under the Shining One
  9217 | D:11     | Found Fozetiff's Distillery.
  9225 | D:11     | Bought a potion of might for 68 gold pieces
  9225 | D:11     | Bought a potion of heal wounds for 85 gold pieces
  9225 | D:11     | Bought a potion of berserk rage for 85 gold pieces
  9357 | D:11     | Noticed a hill giant
  9365 | D:11     | Killed a hill giant
  9659 | D:11     | Found a staircase to the Lair.
  9711 | D:12     | Found a staircase to the Orcish Mines.
  9722 | D:12     | Noticed a hill giant
  9732 | D:12     | Killed a hill giant
  9732 | D:12     | Reached skill level 10 in Armour
  9740 | D:12     | Noticed an unseen horror
  9752 | D:12     | Killed an unseen horror
  9752 | D:12     | Reached skill level 15 in Axes
  9769 | D:12     | Found a portal to a secret trove of treasure.
  9772 | D:12     | Noticed a white ugly thing
  9782 | D:12     | HP: 4/148 [white ugly thing (27)]
  9784 | D:12     | Killed a white ugly thing
  9784 | D:12     | Reached skill level 10 in Fighting
 10317 | D:12     | Noticed Frances
 10324 | D:12     | Noticed a soul eater
 10338 | D:12     | Killed Frances
 10338 | D:12     | Reached XP level 12. HP: 60/106 MP: 11/11
 10871 | D:12     | Gained mutation: You are clumsy. (Dex -2) [mutagenic meat]
 10872 | D:12     | Gained mutation: Your muscles are strong. (Str +2) [mutagenic meat]
 10873 | D:12     | Gained mutation: Your flesh is cold resistant. [mutagenic meat]
 10874 | D:12     | Lost mutation: You are clumsy. (Dex -2) [mutagenic meat]
 11208 | D:13     | Noticed a centaur warrior
 11216 | D:13     | Killed a centaur warrior
 11395 | D:13     | Noticed Rupert
 11396 | D:13     | Paralysed by Rupert for 5 turns
 11403 | D:13     | Noticed a centaur warrior
 11411 | D:13     | Noticed a four-headed hydra
 11415 | D:13     | Killed Rupert
 11422 | D:13     | HP: 1/108 [centaur warrior/arrow (9)]
 11423 | D:13     | Shot with an arrow by a centaur warrior

Skill      XL: |  1  2  3  4  5  6  7  8  9 10 11 12 |
---------------+-------------------------------------+-----
Axes           | 3 4 5 7 9 10 11 12 14 15 | 15.8
Armour         | 5 6 7 9 10 11 | 11.2
Fighting       | 4 5 7 8 10 | 10.8
Shields        | 4 5 7 9 11 | 11.5

Action                   |  1- 3 |  4- 6 |  7- 9 | 10-12 || total
-------------------------+-------+-------+-------+-------++-------
Melee: War axe           |    85 |   116 |   345 |   479 ||  1025
       Headbutt          |     4 |    17 |    70 |    97 ||   188
  Use: Potion            |       |     4 |     4 |    10 ||    18
       Scroll            |       |     1 |     9 |     2 ||    12
 Stab: Invisible         |       |     3 |       |       ||     3
  Eat: Chunk             |       |     5 |    15 |    20 ||    40
       Bread ration      |       |       |     1 |       ||     1
       Fruit             |       |       |     3 |       ||     3
       Royal jelly       |       |       |       |     1 ||     1
Armor: Scale mail        |    34 |    40 |       |       ||    74
       Chain mail        |       |       |    84 |       ||    84
       Plate armour      |       |       |    63 |   187 ||   250
Dodge: Dodged            |    28 |    42 |   135 |   193 ||   398
Block: Shield            |    46 |    54 |   183 |   322 ||   605
